 Dungeon Crawl Stone Soup version 0.31-a0-841-g038b102fc3 (webtiles) character file.

Game seed: 6494940089402730788

14 mcwallace the Sneak (level 2, 0/16 HPs)
             Began as a Vampire Enchanter on Sept 27, 2023.
             Slain by an endoplasm (2 damage)
             ... on level 1 of the Dungeon.
             The game lasted 00:01:39 (432 turns).

mcwallace the Sneak (Vampire Enchanter)              Turns: 432, Time: 00:01:39

Health: 0/16       AC:  2    Str:  7    XL:     2   Next: 31%
Magic:  5/5        EV: 12    Int: 17    God:
Gold:   31         SH:  0    Dex: 14    Spells: 5/5 levels left

rFire   . . .        a - +1 dagger {short}
rCold   + + +        (no shield)
rNeg    + + +        b - +0 robe
rPois   ∞            (no helmet)
rElec   .            (no cloak)
rCorr   .            (no gloves)
SInv    +            (no boots)
Will    .....        (no amulet)
Stlth   +++++        e - ring of protection from cold
HPRegen 0.00/turn    (no ring)
MPRegen 0.09/turn

%: no passive effects
@: bloodless, inhibited regen
A: bloodless, fangs 3, see invisible, vampiric 1
a: Revivify


You were on level 1 of the Dungeon.
You visited 1 branch of the dungeon, and saw 1 of its levels.

You collected 31 gold pieces.


Innate Abilities, Weirdness & Mutations

You do not regenerate when monsters are visible.
You are frail without blood (-20% HP).
You can heal yourself when you bite living creatures.
You are immune to poison.
You have razor-sharp teeth.
You have supernaturally acute eyesight. (SInv)
You are afflicted with vampirism.


   Skills:
 + Level 0.3 Fighting
 + Level 1.4 Short Blades
 + Level 2.4 Dodging
 + Level 4.7 Stealth
 + Level 2.1 Spellcasting
 + Level 4.6 Hexes


You had 5 spell levels left.
You didn't know any spells.
Your spell library contained the following spells:

 Spells                   Type           Power      Damage    Failure   Level
 Confusing Touch          Hex            17%        N/A       9%          3
 Tukima's Dance           Hex            17%        N/A       9%          3
 Ensorcelled Hibernation  Hex/Ice        18%        N/A       11%         2
 Dazzling Flash           Conj/Hex       18%        N/A       22%         3

Inventory:

Hand Weapons
 a - a +1 dagger (weapon) {short}
Missiles
 d - 5 stones {throwing}
Armour
 b - a +0 robe (worn)
 f - a +0 ring mail
   (You found it on level 1 of the Dungeon)
Jewellery
 e - a ring of protection from cold (left hand)
   (You found it on level 1 of the Dungeon)
Talismans
 g - a serpent talisman
   (You found it on level 1 of the Dungeon)
Potions
 c - 2 potions of invisibility

Dungeon Overview and Level Annotations

Branches:
Dungeon (1/15) Zot: 5569

Altars:

Annotations:
D:1 2 transporters

###+######
#........#
#........#
#........#
#........# .#
#........###.#
#.....KJ......
#.....@....#+#+
######.........
#.........
#.?.......
#.....#..
#####.....# #
#...'.....+
#.###.....# #.#
.........


You could see an endoplasm and a kobold.


Message History

You hit the endoplasm.
You kill the endoplasm!
You have reached level 2! 😕 HP[+5] MP[+2]
You now have 15 max hp (+5).
You regained 5 hp, and now have 13/15 hp.
Your mp is fully restored (5).
You see here a serpent talisman.
g - a serpent talisman
e - a ring of protection from cold (left hand)
A hobgoblin comes into view.
The hobgoblin shouts!
You hear a shout! 😎 HP[+2]
Your hp is fully restored (15).
The hobgoblin closely misses you.
You closely miss the hobgoblin.
A goblin comes into view. It is wielding a +0 dagger.
The hobgoblin closely misses you.
You hit the hobgoblin but do no damage.
The hobgoblin hits you but does no damage.
You hit the hobgoblin. The hobgoblin barely misses you.
You hit the hobgoblin but do no damage. The hobgoblin closely misses you.
You hit the hobgoblin.
You kill the hobgoblin!
You hit the goblin.
The goblin hits you with a +0 dagger. 😕 HP[-1]
You take 1 damage, and now have 14/15 hp.
You hit the goblin.
You kill the goblin! 😎 HP[+1]
Your hp is fully restored (15).
No target in view!
No target in view!
An endoplasm comes into view.
An endoplasm is nearby!
An endoplasm is nearby!
The helpless endoplasm fails to defend itself.
You impale the endoplasm!!
You kill the endoplasm! 😎 HP[+1]
You now have 16 max hp (+1).
Your hp is fully restored (16).
No target in view!
Key pressed, stopping explore.
You open the door.
An endoplasm comes into view.
The endoplasm quivers.
An endoplasm is nearby!
An endoplasm is nearby!
There is an open door here.
The endoplasm freezes you.
You are frozen.
You resist.
You hit the endoplasm. The endoplasm freezes you.
You are frozen.
You resist.
You hit the endoplasm.
You kill the endoplasm!
No target in view!
No target in view!
A kobold comes into view. It is wielding a +0 short sword.
A kobold is nearby!
A kobold is nearby!
A kobold is nearby!
An endoplasm comes into view.
The endoplasm quivers.
The kobold shouts!
The kobold hits you with a +0 short sword. 😮 HP[-4]
You take 4 damage, and now have 12/16 hp.
MASSIVE DAMAGE!! (PAUSE)
You are too injured to fight recklessly!
You are too injured to fight recklessly!
You hit the kobold. The kobold misses you.
You hit the kobold. You closely miss the kobold.
The kobold hits you with a +0 short sword.
The endoplasm freezes you.
You are frozen.
You resist. 😮 HP[-2]
You take 2 damage, and now have 10/16 hp.
You hit the kobold. Your bite misses the kobold. The kobold closely misses you.
The endoplasm freezes you.
You are frozen.
You resist.
You closely miss the kobold.
The kobold hits you with a +0 short sword.
The endoplasm closely misses you. 😮 HP[-1]
You take 1 damage, and now have 9/16 hp.
You miss the kobold.
The kobold hits you with a +0 short sword.
* * * LOW HITPOINT WARNING * * *
The endoplasm freezes you.
You are frozen.
You resist. 😨 HP[-4]
You take 4 damage, and now have 5/16 hp.
MASSIVE DAMAGE!! (PAUSE)
You barely miss the kobold.
The kobold hits you with a +0 short sword.
* * * LOW HITPOINT WARNING * * *
The endoplasm hits you.
You die...

Action                     || total
---------------------------++-------
  Melee: Dagger            ||    40
         Bite              ||     1
Ability: Exsanguinate      ||     1
   Stab: Sleeping          ||     2
 Armour: Robe              ||    19
  Dodge: Dodged            ||    17

Levels and vault maps discovered:
D:1:      spicycebolla_arrival_transporter_tutorial, layout_basic

Notes
Turn   | Place    | Note
-------+----------+-------------------------------------------
     0 | D:1      | mcwallace the Vampire Enchanter began the quest for the
                  | Orb.
     0 | D:1      | Reached XP level 1. HP: 13/13 MP: 3/3
     0 | D:1      | magus.rc [v1.9.6]
   309 | D:1      | Reached XP level 2. HP: 13/15 MP: 5/5
   432 | D:1      | HP: 2/16 [kobold/+0 short sword (3)]
   432 | D:1      | Slain by an endoplasm

Vanquished Creatures
  4 endoplasms (D:1)
  3 hobgoblins (D:1)
  A kobold (D:1)
  A frilled lizard (D:1)
  2 goblins (D:1)
  A rat (D:1)
12 creatures vanquished.

Table legend:
 A = Non-vault XP
 B = Vault XP
 C = Vault XP percentage of total XP
 D = Non-vault monster count
 E = Vault monster count
 F = Vault count percentage of total count
                 A         B        C        D         E       F
            +---------+---------+-------+---------+---------+-------
      Total |      21 |       0 |   0.0 |      12 |       0 |   0.0
            +---------+---------+-------+---------+---------+-------
        D:1 |      21 |       0 |   0.0 |      12 |       0 |   0.0
            +---------+---------+-------+---------+---------+-------

Action                     || total
---------------------------++-------
  Melee: Dagger            ||    40
         Bite              ||     1
Ability: Exsanguinate      ||     1
   Stab: Sleeping          ||     2
 Armour: Robe              ||    19
  Dodge: Dodged            ||    17

Illustrated notes

Table legend:
 A = Kills in this place as a percentage of kills in the entire game.
 B = Kills by you in this place as a percentage of kills by you in the entire game.
 C = Kills by friends in this place as a percentage of kills by friends in the entire game.
 D = Other kills in this place as a percentage of other kills in the entire game.
 E = Experience gained in this place as a percentage of experience gained in the entire game.
 F = Experience gained in this place divided by the number of levels of this place that you have seen.
                   A       B       C       D       E      F
               +-------+-------+-------+-------+-------+----------------------
         Total | 100.0 | 100.0 |   N/A |   N/A | 100.0 |  21.0
       Dungeon | 100.0 | 100.0 |   N/A |   N/A | 100.0 |  21.0
               +-------+-------+-------+-------+-------+----------------------

Table legend: (Time is in decaauts)
 A = Elapsed time spent in this place.
 B = Non-inter-level travel time spent in this place.
 C = Inter-level travel time spent in this place.
 D = Time resting spent in this place.
 E = Time spent auto-exploring this place.
 F = Levels seen in this place.
 G = Mean time per level.
                   A        B        C        D        E       F      G
               +--------+--------+--------+--------+--------+-----+--------+
         Total |    429 |    429 |      0 |      0 |    314 |   1 |  429.0 |
       Dungeon |    429 |    429 |      0 |      0 |    314 |   1 |  429.0 |
               +--------+--------+--------+--------+--------+-----+--------+

Top non-repeatable levels by time:
     D:1: 429 daAuts
